 Dungeon Crawl Stone Soup version 0.30.0-29-ga12c61a403 (webtiles) character file.

Game seed: 2047987481432334605

155 Fodor the Trooper (level 5, 0/47 HPs)
             Began as a Minotaur Fighter on June 15, 2023.
             Killed by divine providence
             ... invoked by an orc priest
              (12 damage)
             ... on level 4 of the Dungeon.
             The game lasted 00:16:10 (2771 turns).

Fodor the Trooper (Minotaur Fighter)                Turns: 2771, Time: 00:16:11

Health: 0/47       AC:  9    Str: 22    XL:     5   Next: 14%
Magic:  4/4        EV: 14    Int:  5    God:
Gold:   160        SH:  4    Dex: 10    Spells: 4/4 levels left

rFire   . . .        a - +0 long sword
rCold   . . .        c - +0 buckler
rNeg    . . .        b - +0 scale mail
rPois   .            (helmet restricted)
rElec   .            o - +0 cloak
rCorr   .            (no gloves)
SInv    .            B - +0 pair of boots
Will    .....        (no amulet) Stlth
                     q - +5 ring of evasion
HPRegen 0.27/turn    (no ring)
MPRegen 0.09/turn

%: no passive effects
@: no status effects
A: horns 2, retaliatory headbutt
a: no special abilities


You were on level 4 of the Dungeon.
You visited 1 branch of the dungeon, and saw 4 of its levels.

You collected 160 gold pieces.

Inventory:

Hand Weapons
 a - a +0 long sword (weapon)
 x - a +0 sling
 z - a +1 antimagic spear
Missiles
 e - 41 stones
 n - 5 atropa-tipped darts (quivered)
 v - 2 datura-tipped darts
Armour
 b - a +0 scale mail (worn)
 c - a +0 buckler (worn)
 o - a +0 cloak (worn)
 B - a +0 pair of boots (worn)
Jewellery
 q - a +5 ring of evasion (left hand)
Wands
 l - a wand of digging (4)
Scrolls
 h - 2 scrolls of teleportation
 i - 2 scrolls of magic mapping
 w - a scroll of butterflies {unknown}
 y - 2 scrolls of enchant weapon
 A - a scroll of fog {unknown}
 C - a scroll of torment {unknown}
 D - a scroll of fear {unknown}
Potions
 d - 2 potions of might
 g - 2 potions of resistance
 j - 3 potions of curing {unknown}
 k - a potion of brilliance {unknown}
 m - a potion of flight {unknown}
 p - 2 potions of attraction {unknown}
 r - a potion of ambrosia {unknown}
 s - a potion of haste {unknown}
 t - 2 potions of heal wounds {unknown}
 u - a potion of invisibility {unknown}


   Skills:
 + Level 4.7 Fighting
 + Level 4.0 Long Blades
 + Level 4.7 Armour
 + Level 0.8 Dodging
 + Level 0.2 Stealth
 + Level 4.2 Shields


You had 4 spell levels left.
You didn't know any spells.
Your spell library contained the following spells:

 Spells                   Type           Power      Damage    Failure   Level
 Sting                    Tmut/Pois      0%         1d3       86%         1
 Poisonous Vapours        Pois/Air       0%         N/A       94%         2
 Olgreb's Toxic Radiance  Pois           0%         N/A       100%        4


Dungeon Overview and Level Annotations

Branches:
Dungeon (4/15)             Temple (0/1) D:4

Altars:
Ashenzari
Dithmenos
Kikubaaqudgha
Sif Muna
Xom
Yredelemnul


Innate Abilities, Weirdness & Mutations

You have a pair of horns on your head.
You reflexively headbutt those who attack you in melee.


Message History

The orc priest mumbles some strange prayers to Beogh against you.
Beogh smites you!
An orc priest comes into view. It is wielding a +0 flail.
The orc wizard mumbles some strange words.
The orc wizard flickers and vanishes!
Deactivating autopickup; reactivate with Ctrl-A.
The orc priest looks satisfied for a moment.
The orc wizard attacks as you move away!
The orc wizard hits you with a +0 dagger.
The orc priest shouts!
The orc priest casts a cantrip, but nothing happens.
You hit the orc wizard.
The orc wizard is heavily wounded.
The orc wizard hits you with a +0 dagger.
You closely miss the orc wizard.
The orc wizard is heavily wounded.
The orc priest closely misses you. You furiously retaliate!
You headbutt the orc priest. The orc wizard completely misses you.
You closely miss the orc wizard.
The orc wizard is heavily wounded.
The orc priest closely misses you. You furiously retaliate!
You headbutt the orc priest. You block the orc wizard's attack.
You hit the orc wizard. Your headbutt misses the orc wizard.
The orc wizard is almost dead.
You block the orc priest's attack. The orc wizard barely misses you.
The orc priest mumbles some strange prayers to Beogh against you.
Beogh smites you!
You hit the orc wizard but do no damage.
Your headbutt misses the orc wizard.
The orc wizard is almost dead.
The orc priest barely misses you.
The orc wizard hits you but does no damage. x2
The orc priest mumbles some strange prayers to Beogh against you.
Pain shoots through your body!
* * * LOW HITPOINT WARNING * * *
You closely miss the orc wizard.
The orc wizard is almost dead.
The orc priest mumbles some strange prayers to Beogh against you.
Beogh smites you!
You die...

****,,,,,,,*,,,,,,,+,,,,,,+,,,,,,
*,,,,,,..#*******,,,,***,,,,,,
*,,,,,,,..,,,,,,+,,,,+,+,,,,,,
*,,,,,,*#.#******,,,,**#......
*,,,,,,*#..#* *,,,,* #......
*,,,,,,**#..## *,,,,* #......
*,,,,..####.o# *,,,,* #......
*,,,,.......o###****** #......
*****!.....{o@.# #####.....,
*......o##.# #.....#****
*.......*#.#####.....#
*.......*#.....#..)..#
*.......*#####.......# *#######*
###.....#* #......#** #........#*
#####.##...


You could see 2 orc priests, an orc wizard and an orc.

Vanquished Creatures
  A jelly (D:3)
  An orc priest (D:3)
  4 adders
  3 orcs (D:3)
  7 endoplasms
  2 giant cockroaches
  7 goblins
  7 hobgoblins
  2 quokkas
  3 ball pythons
  7 bats
  3 frilled lizards
  5 kobolds
  4 rats
56 creatures vanquished.

Notes
Turn   | Place    | Note
-------+----------+-------------------------------------------
     0 | D:1      | Fodor the Minotaur Fighter began the quest for the Orb.
     0 | D:1      | Reached XP level 1. HP: 19/19 MP: 0/0
   457 | D:1      | Reached XP level 2. HP: 27/27 MP: 1/1
   856 | D:2      | Reached XP level 3. HP: 29/34 MP: 2/2
  1123 | D:2      | Found a shimmering blue altar of Sif Muna.
  1740 | D:3      | Found a faded altar of an unknown god.
  1745 | D:3      | Found a basalt altar of Yredelemnul.
  1822 | D:3      | Reached XP level 4. HP: 31/41 MP: 3/3
  1962 | D:3      | Found a shadowy altar of Dithmenos.
  1962 | D:3      | Found an ancient bone altar of Kikubaaqudgha.
  1970 | D:3      | Found a shimmering altar of Xom.
  1972 | D:3      | Found a faded altar of an unknown god.
  1974 | D:3      | Found a faded altar of an unknown god.
  2351 | D:3      | Reached XP level 5. HP: 15/47 MP: 4/4
  2471 | D:3      | Found a broken altar of Ashenzari.
  2771 | D:4      | Killed from afar by an orc priest

Illustrated notes

Levels and vault maps discovered:
D:1:      psy_arrival_radial02, layout_basic
D:2:      layout_basic, basic_altar, due_unseen_surprise
D:3:      layout_loops_ring, nicolae_overflow_crystal_walls,
          nicolae_overflow_ecumenical_swirl,
          chequers_temple_overflow_minitemple, minmay_misc_feat_cross
D:4:      layout_basic, minmay_temple_entry_large_hall, uniq_menkaure

Skill      XL: |  1  2  3  4  5 |
---------------+----------------+-----
Fighting       | 4 |  4.7
Shields        | 4 |  4.2
Armour         | 4 |  4.7
Long Blades    | 3 4 |  4.0
Dodging        | |  0.8
Stealth        | |  0.2

Action                     |  1- 3 |  4- 6 || total
---------------------------+-------+-------++-------
  Melee: Long sword        |    91 |    44 ||   135
         Headbutt          |     8 |     3 ||    11
  Evoke: Wand              |     1 |       ||     1
    Use: Scroll            |       |     4 ||     4
 Armour: Scale mail        |    57 |    17 ||    74
  Dodge: Dodged            |    76 |    38 ||   114
  Block: Buckler           |    24 |    12 ||    36
